 Dungeon Crawl Stone Soup version 0.27.1-4-g1640c2035a (webtiles) character file.

Game seed: 17546450857124916134

1082 iamoutofideas the Thaumaturge (level 8, -4/42 HPs)
             Began as a Deep Elf Fire Elementalist on Nov 4, 2021.
             Slain by an orc warrior (15 damage)
             ... on level 6 of the Dungeon.
             The game lasted 00:07:40 (7874 turns).

iamoutofideas the Thaumaturge (DEFE)                Turns: 7874, Time: 00:07:41

Health: -4/42      AC:  2    Str:  5    XL:     8   Next: 8%
Magic:  17/22      EV: 13    Int: 23    God:
Gold:   308        SH:  0    Dex: 15    Spells: 11/24 levels left

rFire    + . .     SeeInvis .   (no weapon)
rCold    . . .     Faith    .   (no shield)
rNeg     + . .     Spirit   .   a - +0 robe
rPois    .         Reflect  .   (no helmet)
rElec    .         Harm     .   (no cloak)
rCorr    .         Rampage  .   (no gloves)
Will     .....                  (no boots)
Stlth    ++........             (no amulet)
HPRegen  0.14/turn              b - ring of positive energy
MPRegen  0.18/turn              c - ring of protection from fire

@: brilliant
A: no striking features
a: no special abilities


You were on level 6 of the Dungeon.
You visited 2 branches of the dungeon, and saw 7 of its levels.

You collected 308 gold pieces.

Inventory:

Hand Weapons
 o - a +2 dagger of electrocution
Missiles
 i - 7 curare-tipped darts
 k - 2 throwing nets
Armour
 a - a +0 robe (worn)
Jewellery
 b - a ring of positive energy (left hand)
 c - a ring of protection from fire (right hand)
Wands
 g - a wand of polymorph (1)
Scrolls
 e - a scroll of vulnerability {unknown}
 f - 4 scrolls of identify {unknown}
 h - 2 scrolls of immolation {unknown}
 l - a scroll of silence {unknown}
 m - a scroll of blinking
Potions
 n - a potion of cancellation {unknown}


   Skills:
 + Level 0.5 Fighting
 + Level 3.0 Dodging
 + Level 3.5 Stealth
 - Level 0.1 Unarmed Combat
 * Level 8.9 Spellcasting
 + Level 4.7 Conjurations
 + Level 6.0 Fire Magic


You had 11 spell levels left.
You knew the following spells:

 Your Spells              Type           Power      Damage    Failure   Level
a - Foxfire               Conj/Fire      100%       2x1d9     1%          1
b - Conjure Flame         Conj/Fire      51%        6-21      1%          3
c - Sticky Flame          Conj/Fire      51%        2d7       7%          4
d - Fireball              Conj/Fire      25%        3d11      19%         5

Your spell library contained the following spells:

 Spells                   Type           Power      Damage    Failure   Level
 Inner Flame              Hex/Fire       36%        N/A       5%          3
 Cause Fear               Hex            7%         N/A       54%         4
 Discord                  Hex            7%         N/A       100%        8


Dungeon Overview and Level Annotations

Branches:
Dungeon (6/15)             Temple (1/1) D:5

Altars:
Ashenzari
Cheibriados
Dithmenos
Elyvilon
Fedhas
Gozag
Hepliaklqana
Kikubaaqudgha
Makhleb
Nemelex Xobeh
Okawaru
Qazlal
Ru
Trog
Uskayaw
Wu Jian
Xom
Yredelemnul
Zin
The Shining One

Shops:
D:3 (

Annotations:
D:3 3 runed translucent doors, exclusion: downstairs, scsoc's ghost, amateur HOFi
D:5 2 runed translucent doors, exclusion: downstairs, Triskal's ghost, amateur DrTm
D:6 Edmund


Message History

Level annotation: Edmund
There is a stone staircase leading up here.
An orc warrior is nearby!
Unknown command.
Casting: Foxfire (safe; 1% risk of failure)
Confirm with . or Enter, or press ? or * to list all spells.
Okay, then.
Casting: Foxfire (safe; 1% risk of failure)
Confirm with . or Enter, or press ? or * to list all spells.
Okay, then.
The orc warrior closely misses you.
Casting: Foxfire (safe; 1% risk of failure)
Confirm with . or Enter, or press ? or * to list all spells.
The spell is quite dangerous to cast (7% risk of failure)!
Continue anyway?
Aiming: Sticky Flame (quite dangerous; 7% risk of failure)
Press: ? - help, Shift-Dir - straight line, f - orc warrior
Aim: an orc warrior, wielding a +0 halberd and wearing a +0 plate armour (100% to hit)
The sticky flame hits the orc warrior.
The orc warrior is moderately wounded.
The orc warrior is covered in liquid flames!
The orc warrior burns!
The orc warrior hits you with a +0 halberd!!
Ouch! That really hurt!
Casting: Sticky Flame (quite dangerous; 7% risk of failure)
Confirm with . or Enter, or press ? or * to list all spells.
You conjure some foxfire!
The orc warrior burns!
The orc warrior hits you with a +0 halberd!!
* * * LOW HITPOINT WARNING * * *
Unknown command.
It was a potion of brilliance.
You feel clever all of a sudden.
The orc warrior burns!
The orc warrior stops burning.
The foxfire hits the orc warrior but does no damage.
The orc warrior is severely wounded.
The foxfire hits the orc warrior!
The orc warrior is almost dead.
The orc warrior barely misses you.
It was a potion of curing.
You feel better.
The orc warrior hits you with a +0 halberd!
You die...

....# .# .# .# .
.... .##.##.# ..
... )...#..# ...
..#........
....##.........#
........#.......
.......ยง........
#......<@o......
....#...........
. #.....[..... #
# #...........
#.##.....$.......
.....##..........
#.....#$.#####.#.
..#.#....#####.#
..._.v.........


You could see an orc warrior.

Vanquished Creatures
  A water moccasin (D:5)
  3 sky beasts
  2 black bears
  A water moccasin skeleton (D:5)
  A bullfrog zombie (D:5)
  An orc priest (D:3)
  A hound (D:4)
  4 iguanas
  An orc wizard (D:6)
  Terence (D:2)
  A hound skeleton (D:5)
  A hound zombie (D:5)
  6 adders
  4 gnolls
  A howler monkey skeleton (D:5)
  An ufetubus (D:4)
  An adder skeleton (D:4)
  3 worms
  3 dart slugs
  7 orcs
  4 endoplasms
  6 giant cockroaches
  8 goblins
  6 hobgoblins
  7 jackals
  A quokka (D:3)
  5 ball pythons
  4 bats
  5 frilled lizards
  3 kobolds
  5 rats
98 creatures vanquished.

Vanquished Creatures (others)
  571 foxfires
571 creatures vanquished.

Grand Total: 669 creatures vanquished

Notes
Turn   | Place    | Note
-------+----------+-------------------------------------------
     0 | D:1      | iamoutofideas the Deep Elf Fire Elementalist began the
                  | quest for the Orb.
     0 | D:1      | Reached XP level 1. HP: 10/10 MP: 6/6
   263 | D:1      | Reached XP level 2. HP: 15/15 MP: 2/8
  1114 | D:1      | Reached XP level 3. HP: 19/19 MP: 7/10
  1756 | D:2      | Learned a level 3 spell: Conjure Flame
  1816 | D:2      | Found a burning altar of Makhleb.
  2037 | D:2      | Noticed Terence
  2065 | D:2      | Killed Terence
  2066 | D:2      | Reached skill level 4 in Spellcasting
  2563 | D:3      | Reached XP level 4. HP: 24/24 MP: 9/12
  2721 | D:3      | Noticed a +0 dagger
  2721 | D:3      | Noticed a +0 hand axe
  2724 | D:3      | Found a hide-covered altar of Uskayaw.
  3395 | D:3      | Found a sacrificial altar of Ru.
  3501 | D:3      | Reached XP level 5. HP: 28/28 MP: 11/13
  3525 | D:3      | Found a runed translucent gate.
  3525 | D:3      | Found a runed translucent gate.
  3525 | D:3      | Found a runed translucent gate.
  3530 | D:3      | Noticed scsoc's ghost (amateur HOFi)
  3757 | D:3      | Found Kuidgh's Weapon Shop.
  3934 | D:3      | Learned a level 4 spell: Sticky Flame
  4254 | D:4      | Learned a level 5 spell: Fireball
  4399 | D:3      | Reached skill level 5 in Spellcasting
  4566 | D:4      | Found a hazy altar of Hepliaklqana.
  4960 | D:4      | Found an iron altar of Okawaru.
  5056 | D:4      | Reached XP level 6. HP: 32/32 MP: 11/16
  5301 | D:4      | Reached skill level 6 in Spellcasting
  5404 | D:5      | Entered Level 5 of the Dungeon
  5414 | D:5      | Reached skill level 5 in Fire Magic
  5620 | D:5      | Found a runed translucent door.
  5644 | D:5      | Noticed Triskal's ghost (amateur DrTm)
  5662 | D:5      | Reached XP level 7. HP: 37/37 MP: 12/18
  5782 | D:5      | Reached skill level 7 in Spellcasting
  5830 | D:5      | Found a runed translucent door.
  6316 | D:5      | Found a staircase to the Ecumenical Temple.
  6320 | D:5      | Found an ornate altar of the Wu Jian Council.
  6404 | Temple   | Entered the Ecumenical Temple
  6603 | D:5      | Reached skill level 8 in Spellcasting
  7327 | D:6      | Reached XP level 8. HP: 6/42 MP: 17/22
  7643 | D:6      | Found a blossoming altar of Fedhas.
  7650 | D:6      | Noticed Edmund
  7872 | D:6      | HP: 2/42 [orc warrior (18)]
  7874 | D:6      | Slain by an orc warrior

Illustrated notes

Levels and vault maps discovered:
D:1:      shiori_arrival_elements, layout_basic
D:2:      layout_basic, basic_altar, uniq_terence
D:3:      layout_basic, nicolae_ru_sacrificial_ziggurat,
          dancing_weapons_uskayaw, serial_shops, shop,
          gammafunk_ghost_necromancy
D:4:      black_bear_nest_1, layout_cave_pools, kennysheep_okawaru_gauntlet,
          mainiacjoe_overflow_concentric_impassable
D:5:      layout_layer_cave, nicolae_overflow_hidden_temple,
          minmay_temple_entry_gardened_gates, ebering_ghost_sewer_f
D:6:      layout_rooms, mainiacjoe_overflow_six_doors_small,
          lemuel_crystal_altar, nrook_mini_vaults, minivault_4,
          serial_park_tiny_pond, uniq_eustachio, uniq_edmund,
          uniq_crazy_yiuf_cottage
Temple:   nicolae_temple_great_sept

Skill      XL: |  1  2  3  4  5  6  7 |
---------------+----------------------+-----
Fire Magic     | 4 5 6 |  6.0
Spellcasting   | 4 5 6 8 |  8.9
Conjurations   | 2 3 4 |  4.7
Stealth        | 3 |  3.5
Dodging        | 3 |  3.0
Fighting       | |  0.5
Unarmed Combat | |  0.1

Action                   |  1- 3 |  4- 6 |  7- 9 || total
-------------------------+-------+-------+-------++-------
Melee: Unarmed           |    14 |       |       ||    14
 Cast: Foxfire           |   124 |   135 |    90 ||   349
       Sticky Flame      |       |       |     1 ||     1
  Use: Scroll            |       |     1 |       ||     1
       Potion            |       |       |     2 ||     2
Armor: Robe              |     1 |     5 |       ||     6
       Skin              |     1 |       |       ||     1
Dodge: Dodged            |    12 |    17 |     3 ||    32
